 Dungeon Crawl Stone Soup version 0.28.0-53-g5a82cb258f (webtiles) character file.

Game seed: 1182892704278690522

748 jamesblauser the Cudgeller (level 7, -2/61 HPs)
             Began as a Purple Draconian Berserker on Nov 5, 2022.
             Was a Believer of Trog.
             Slain by a yak (11 damage)
             ... on level 4 of the Dungeon.
             The game lasted 00:37:28 (3444 turns).

jamesblauser the Cudgeller (DrBe)                   Turns: 3444, Time: 00:37:29

Health: -2/61      AC:  6    Str: 18    XL:     7   Next: 48%
Magic:  7/7        EV: 28    Int:  9    God:    Trog [**....]
Gold:   58         SH: 10    Dex: 12    Spells: 6/6 levels left

rFire   . . .      SeeInvis .   h - +7 club
rCold   . . .      Faith    .   n - +0 tower shield
rNeg    . . .      Spirit   .   (armour unavailable)
rPois   .          Reflect  .   (helmet restricted)
rElec   .          Harm     .   (no cloak)
rCorr   +          Rampage  .   (no gloves)
Will    +....                   (no boots)
Stlth   ++........              c - amulet of the acrobat
HPRegen 0.20/turn               e - +4 ring of evasion
MPRegen 0.10/turn               f - ring of resist corrosion

@: acrobatic, flying
A: breathe power, AC +6, unfitting armour, cold-blooded, big wings, stinger 1,
agile 1, weak 1
a: Breathe Dispelling Energy, Renounce Religion, Berserk, Trog's Hand


You were on level 4 of the Dungeon.
You worshipped Trog.
Trog was pleased with you.
You visited 1 branch of the dungeon, and saw 4 of its levels.

You collected 107 gold pieces.
You spent 49 gold pieces at shops.

Inventory:

Hand Weapons
 a - a +0 mace
 d - a +0 dagger of draining
 h - a +7 club (weapon)
 k - a +0 scythe
Missiles
 o - 4 poisoned darts (quivered)
Armour
 n - a +0 tower shield (worn)
Jewellery
 c - an amulet of the acrobat (around neck)
 e - a +4 ring of evasion (left hand)
 f - a ring of resist corrosion (right hand)
Wands
 i - a wand of polymorph (17)
 m - a wand of iceblast (11)
Scrolls
 g - a scroll of fog
 p - a scroll of teleportation
Potions
 b - a potion of curing
 j - a potion of cancellation
 l - a potion of heal wounds


   Skills:
 + Level 5.0 Fighting
 + Level 6.1 Maces & Flails
 + Level 5.1 Dodging
 + Level 1.2 Stealth
 + Level 0.6 Shields
 + Level 1.1 Unarmed Combat


You had 6 spell levels left.
You didn't know any spells.
Your spell library was empty.

Dungeon Overview and Level Annotations

Branches:
Dungeon (4/15)
 Temple: D:4-7

Altars:
Elyvilon
Fedhas
Okawaru
Qazlal
Trog

Shops:
D:4 [

Annotations:
D:3 2 transporters, jjjjhere's ghost, amateur MiHu


Innate Abilities, Weirdness & Mutations

You can breathe bolts of dispelling energy.
Your rich purple scales are hard. (AC +6)
You cannot fit into any form of body armour.
You are cold-blooded and may be slowed by cold attacks.
Your large and strong wings let you fly.
Your tail ends in a venomous barb.
You are agile. (Dex +2)
You are weak. (Str -2)


Message History

The yak is heavily wounded.
You block the yak's attack. The yak closely misses you.
You hit the yak.
The yak is severely wounded.
The yak looks more healthy.
You block the yak's attack. x2
You sock the yak!
You kill the yak!
Trog accepts your kill.
You feel yourself speed up. The yak closely misses you.
Your Fighting skill increases to level 5!
Your Maces & Flails skill increases to level 6!
Your Dodging skill increases to level 5!
You hit the yak.
The yak is lightly wounded.
You block the yak's attack. x2
You hit the yak.
The yak is moderately wounded.
You block the yak's attack.
You hit the yak.
The yak is moderately wounded.
The yak gores you but does no damage. The yak gores you!
You hit the yak.
The yak is heavily wounded.
The yak gores you.
You hit the yak.
The yak is severely wounded.
The yak misses you.
You hit the yak but do no damage.
The yak is severely wounded.
The yak gores you!
* * * LOW HITPOINT WARNING * * *
You block the yak's attack.
You recover from your berserk rage.
You block the yak's attack. You block the yak's attack.
The yak completely misses you. You block the yak's attack. The yak gores you!
You die...

#...#####.#...## ###.## **#.,,,
'#.#'...###....#####.# **,**,
.#(#...8.###....##...# **,****
.#.#.._..##..........# *,.* *
.#.#.8.8.#.....#####.####**.#* *
##.##...##....Y# #....##.#*
#...#######...Y## #.......#*
#.......)..###YY####....###.#*
..#......### ##.@##....## **,*#**
.####....# ##.....### *,.##, .#
##...# *#..##.#########..., .#
##..# *#..###.....§§....... .#
#..####.##*##..≈≈≈§≈§≈≈≈≈≈. .*
#.......####....§..§§..§.≈.
.######..............≈≈§§§≈§≈§.§.
...........##........≈.......≈.≈.
#..###.....###.......§.≈§≈≈≈.≈.§.


You could see 4 yaks.

Vanquished Creatures
  Sigmund (D:3)
  A yak (D:4)
  An ogre (D:4)
  A phantom (D:4)
  A jelly (D:4)
  Ijyb (D:4)
  Natasha (thrice) (D:3)
  Robin (D:3)
  3 gnolls (D:4)
  3 adders
  An ufetubus (D:4)
  2 adder skeletons (D:4)
  3 dart slugs
  An orc (D:4)
  10 ball pythons
  2 bats (D:3)
  5 endoplasms
  4 giant cockroaches
  11 hobgoblins
  8 jackals
  2 kobolds
  3 quokkas
  A frilled lizard (D:1)
  19 goblins
  6 rats
  A bush (D:2)
95 creatures vanquished.

Vanquished Creatures (others)
  A bat (D:3)
  A fungus (D:2)
  9 plants (D:2)
11 creatures vanquished.

Grand Total: 106 creatures vanquished

Notes
Turn   | Place    | Note
-------+----------+-------------------------------------------
     0 | D:1      | jamesblauser the Draconian Berserker began the quest for
                  | the Orb.
     0 | D:1      | Reached XP level 1. HP: 19/19 MP: 1/1
   257 | D:1      | Reached XP level 2. HP: 19/26 MP: 2/2
   703 | D:1      | Reached XP level 3. HP: 31/33 MP: 3/3
   875 | D:2      | Found a faded altar of an unknown god.
  1731 | D:2      | Reached ** piety under Trog
  1955 | D:3      | Found a blossoming altar of Fedhas.
  1978 | D:3      | Reached skill level 4 in Maces & Flails
  2023 | D:3      | Noticed Natasha
  2055 | D:3      | Reached XP level 4. HP: 26/40 MP: 4/4
  2068 | D:3      | Killed Natasha
  2160 | D:3      | Found a transporter.
  2162 | D:3      | Noticed an ogre
  2164 | D:3      | Noticed jjjjhere's ghost (amateur MiHu)
  2164 | D:3      | Noticed an ogre
  2165 | D:3      | Found a transporter.
  2165 | D:3      | Noticed an ogre
  2195 | D:3      | Noticed Robin
  2215 | D:3      | Noticed Natasha
  2251 | D:3      | Killed Robin
  2257 | D:3      | Killed Natasha
  2258 | D:3      | Reached XP level 5. HP: 21/46 MP: 5/5
  2262 | D:3      | Noticed Natasha
  2269 | D:3      | Killed Natasha
  2308 | D:3      | Noticed Sigmund
  2326 | D:3      | Killed Sigmund
  2327 | D:3      | Reached skill level 5 in Maces & Flails
  2327 | D:3      | Reached XP level 6. HP: 31/53 MP: 6/6
  2448 | D:3      | Gained mutation: You are agile. (Dex +2) [potion of
                  | mutation]
  2448 | D:3      | Gained mutation: You are weak. (Str -2) [potion of
                  | mutation]
  2448 | D:3      | Gained mutation: Your large and strong wings let you fly.
                  | [potion of mutation]
  2448 | D:3      | Gained mutation: Your tail ends in a venomous barb. [potion
                  | of mutation]
  2828 | D:4      | Noticed Ijyb
  2836 | D:4      | Killed Ijyb
  2895 | D:4      | Found a bloodstained altar of Trog.
  2923 | D:4      | Found a stormy altar of Qazlal.
  2936 | D:4      | Found a white marble altar of Elyvilon.
  2955 | D:4      | Found an iron altar of Okawaru.
  3146 | D:4      | Reached skill level 1 in Stealth
  3146 | D:4      | Reached skill level 1 in Unarmed Combat
  3146 | D:4      | Your scales start taking on a rich purple colour.
  3146 | D:4      | Reached XP level 7. HP: 41/60 MP: 7/7
  3312 | D:4      | Found Vegrampa's Armour Shoppe.
  3334 | D:4      | Bought a +0 tower shield for 49 gold pieces
  3392 | D:4      | Noticed a yak
  3393 | D:4      | Noticed a yak
  3393 | D:4      | Noticed a yak
  3396 | D:4      | Noticed a yak
  3396 | D:4      | Noticed a yak
  3417 | D:4      | Killed a yak
  3418 | D:4      | Reached skill level 5 in Fighting
  3418 | D:4      | Reached skill level 6 in Maces & Flails
  3418 | D:4      | Reached skill level 5 in Dodging
  3444 | D:4      | Slain by a yak

Illustrated notes

Levels and vault maps discovered:
D:1:      ncdulo_wetmaze, layout_basic, hangedman_decor_clover_reticule
D:2:      layout_loops_corners, shapermc_ecumenical_altar_mp_urbaneastern,
          serial_forest, infiniplex_forest_side_room,
          infiniplex_forest_clump_cross, infiniplex_forest_lined_3,
          infiniplex_forest_lined_corner, infiniplex_forest_pool,
          minmay_goblin_kobold_house
D:3:      layout_rooms, mainiacjoe_overflow_paths, gammafunk_ghost_smash,
          hangedman_decor_lopped, uniq_sigmund, uniq_robin, uniq_natasha
D:4:      layout_layer_cave, grunt_temple_overflow_cloverleaf,
          nicolae_inconvenience_store, uniq_ijyb

Skill      XL: |  1  2  3  4  5  6  7 |
---------------+----------------------+-----
Dodging        | 3 4 5 |  5.1
Maces & Flails | 4 5 6 |  6.1
Fighting       | 4 5 |  5.0
Stealth        | 1 |  1.2
Unarmed Combat | 1 |  1.1
Shields        | |  0.6

Action                   |  1- 3 |  4- 6 |  7- 9 || total
-------------------------+-------+-------+-------++-------
Melee: Mace              |   264 |    29 |       ||   293
       Tailslap          |    68 |     6 |     3 ||    77
       Punch             |     5 |       |       ||     5
       Unarmed           |       |     7 |       ||     7
       Club              |       |    72 |    27 ||    99
Throw: Dart              |       |       |     1 ||     1
Invok: Berserk           |     1 |     2 |     1 ||     4
       Trog's Hand       |     1 |     3 |     1 ||     5
 Abil: Breathe Dispellin |       |       |     2 ||     2
  Use: Potion            |     4 |     4 |       ||     8
       Scroll            |     3 |     4 |       ||     7
 Stab: Sleeping          |       |     1 |       ||     1
Armor: Skin              |    30 |    26 |    10 ||    66
Dodge: Dodged            |   141 |   124 |    15 ||   280
Block: Tower shield      |       |       |    25 ||    25
